 Dungeon Crawl Stone Soup version 0.30-a0-603-g51a0fb1b98 (webtiles) character file.

Game seed: 3655456404633285296

53 Leeroy the Ruffian (level 3, -1/28 HPs)
             Began as a Draconian Transmuter on Jan 7, 2023.
             Slain by a gnoll
             ... wielding a +0 halberd
              (11 damage)
             ... on level 3 of the Dungeon.
             The game lasted 00:03:15 (1604 turns).

Leeroy the Ruffian (Draconian Transmuter)           Turns: 1604, Time: 00:03:16

Health: -1/28      AC:  2    Str: 12    XL:     3   Next: 64%
Magic:  0/6        EV: 19    Int: 15    God:
Gold:   174        SH:  0    Dex: 16    Spells: 0/6 levels left

rFire   . . .      SeeInvis .      - Unarmed
rCold   . . .      Faith    .    (shield currently unavailable)
rNeg    . . .      Spirit   .    (body armour unavailable)
rPois   x          Reflect  .    (helmet currently unavailable)
rElec   .          Harm     .    (cloak currently unavailable)
rCorr   .          Rampage  .    (gloves currently unavailable)
Will    .....                    (boots currently unavailable)
Stlth   +                        (no amulet)
HPRegen 0.24/turn                (no ring)
MPRegen 0.10/turn                (no ring)

@: spider-form (expiring), very slightly contaminated
A: venomous fangs, AC +5, tiny, unfitting armour, (cold-blooded)
a: End Transformation


You were on level 3 of the Dungeon.
You were a venomous arachnid creature.
You visited 1 branch of the dungeon, and saw 3 of its levels.

You collected 174 gold pieces.

Inventory:

Hand Weapons
 r - a +1 dagger of venom
Armour
 m - a +0 pair of gloves (melded)
Magical Staves
 q - a staff of death
Jewellery
 p - an amulet of guardian spirit
 u - an amulet of the acrobat
Scrolls
 b - a scroll of acquirement {unknown}
 f - a scroll of noise {unknown}
 g - 3 scrolls of enchant armour {unknown}
 i - 5 scrolls of blinking {unknown}
 j - 2 scrolls of immolation {unknown}
 l - 7 scrolls of identify {unknown}
 n - a scroll of fear {unknown}
 t - a scroll of amnesia {unknown}
Potions
 a - 2 potions of lignification
 c - a potion of attraction {unknown}
 d - a potion of mutation {unknown}
 e - a potion of ambrosia {unknown}
 h - 3 potions of degeneration {unknown}
 k - a potion of flight {unknown}
 o - a potion of curing {unknown}
 s - a potion of berserk rage {unknown}


   Skills:
 - Level 1.1 Fighting
 - Level 1.7 Dodging
 + Level 4.7 Unarmed Combat
 - Level 2.0 Spellcasting
 - Level 2.0 Transmutations


You couldn't memorise any spells.
You knew the following spells:

 Your Spells              Type           Power      Damage    Failure   Level
a - Beastly Appendage     Tmut           14%        N/A       24%         1
b - Spider Form           Tmut/Pois      4%         N/A       63%         3
c - Wereblood             Tmut           7%         N/A       32%         2

Your spell library contained the following spells:

 Spells                   Type           Power      Damage    Failure   Level
 Sting                    Tmut/Pois      16%        1d3       32%         1
 Necrotise                Necr           4%         1d4       43%         1
 Blink                    Tloc           2%         N/A       54%         2
 Momentum Strike          Conj/Tloc      2%         3d8       54%         2
 Poisonous Vapours        Pois/Air       2%         N/A       54%         2
 Lesser Beckoning         Tloc           2%         N/A       75%         3
 Vampiric Draining        Necr           1%         2d6       75%         3
 Ice Form                 Ice/Tmut       4%         N/A       93%         4
 Olgreb's Toxic Radiance  Pois           1%         N/A       98%         4
 Agony                    Necr           1%         N/A       100%        5


Dungeon Overview and Level Annotations

Branches:
Dungeon (3/15)

Altars:
Uskayaw

Shops:
D:1 ?


Innate Abilities, Weirdness & Mutations

You are a venomous arachnid creature.
You have poisonous fangs.
You are tiny and dextrous.
Your spellcasting is less reliable in this form.
Your armour is entirely melded.
You are incapable of wielding weapons or throwing items.
((Your plain brown scales are hard. (AC +5)))
You cannot fit into any form of body armour.
((You are cold-blooded and may be slowed by cold attacks.))


Message History

Okay, then.
Memorise Wereblood, consuming 2 spell levels and leaving 0?
You start memorising the spell.
You continue memorising. x2
You finish memorising.
Spell assigned to 'c'.
HP restored.
You open the door.
There is an open door here.
You open the door.
A gnoll comes into view. It is wielding a +0 halberd.
Found a whip.
A gnoll is nearby!
A gnoll is nearby!
The gnoll shouts!
The gnoll throws a throwing net.
The throwing net hits you.
You become entangled in the net!
There is an open door here.
You see here a throwing net.
Casting: Beastly Appendage (safe; 10% risk of failure)
Confirm with . or Enter, or press ? or * to list all spells.
Okay, then.
Casting: Beastly Appendage (safe; 10% risk of failure)
Confirm with . or Enter, or press ? or * to list all spells.
The spell is extremely dangerous to miscast (41% risk of failure)!
Continue anyway?
You miscast Spider Form.
You are very lightly contaminated with residual magic.
Nothing appears to happen.
Casting: Spider Form (extremely dangerous; 41% risk of failure)
Confirm with . or Enter, or press ? or * to list all spells.
The spell is extremely dangerous to miscast (41% risk of failure)!
Continue anyway?
You turn into a venomous arachnid creature.
Your +0 pair of gloves melds into your body.
Your transformation is almost over.
The gnoll hits you from afar with a +0 halberd.
You tear a large gash into the net.
The gnoll hits you but does no damage.
You struggle against the net.
The gnoll barely misses you.
You rip the net and break free!
The gnoll hits you from afar with a +0 halberd!
The gnoll barely misses you. The gnoll hits you with a +0 halberd!
You die...

#....## ###.#...##### ##
............. ..#
.####'#######+## #.#
###..)†.###.....###.#
####.....###.....##.###
#.###.....###.....#...#
#..###.....###).g.#.#.#
'...###.....# #.s.'.#.##
#....####'######..#....#
#.....#.....#.###.#.##.#
##....#.....#..####.##.#
###...'.....'...###..#.#
####..#.††..#....##....#
#.###.#.....#.....#....#
#..######'####....#.##.#
'...###.....###...'.##.#


You could see a gnoll.

Vanquished Creatures
  A dart slug (D:1)
  An orc (D:3)
  6 ball pythons
  5 endoplasms
  A giant cockroach (D:3)
  7 goblins
  3 hobgoblins
  A jackal (D:2)
  5 kobolds
  4 quokkas
  6 bats
  A frilled lizard (D:1)
  4 rats
45 creatures vanquished.

Notes
Turn   | Place    | Note
-------+----------+-------------------------------------------
     0 | D:1      | Leeroy the Draconian Transmuter began the quest for the
                  | Orb.
     0 | D:1      | Reached XP level 1. HP: 16/16 MP: 3/3
    69 | D:1      | Reached XP level 2. HP: 15/23 MP: 5/5
   202 | D:1      | Reached skill level 4 in Unarmed Combat
   370 | D:1      | Reached XP level 3. HP: 9/28 MP: 6/6
   632 | D:1      | Found Fadagok's Magic Scroll Shoppe.
  1038 | D:2      | Found a faded altar of an unknown god.
  1234 | D:3      | Found a hide-covered altar of Uskayaw.
  1486 | D:3      | Learned a level 3 spell: Spider Form
  1559 | D:3      | Learned a level 2 spell: Wereblood
  1604 | D:3      | Slain by a gnoll

Illustrated notes

Levels and vault maps discovered:
D:1:      saegor_arrival_simple_d, layout_rooms, serial_shops, shop
D:2:      minmay_evil_eye, layout_rooms, ebering_ecumenical_altar_mist
D:3:      layout_loops_ring, mainiacjoe_overflow_boulevard, minmay_hedge_maze,
          minmay_quadrilaterals

Skill      XL: |  1  2 |
---------------+-------+-----
Unarmed Combat | 4 |  4.7
Fighting       | |  1.1
Dodging        | |  1.7
Spellcasting   | |  2.0
Transmutations | |  2.0

Action                   || total
-------------------------++-------
Melee: Unarmed           ||   122
       Tailslap          ||    20
       Kick              ||     4
       Headbutt          ||     2
       Punch             ||     1
 Cast: Beastly Appendage ||     5
       Spider Form       ||     1
 Stab: Sleeping          ||     1
Armor: Skin              ||    44
Dodge: Dodged            ||    96

Table legend: (Time is in decaauts)
 A = Elapsed time spent in this place.
 B = Non-inter-level travel time spent in this place.
 C = Inter-level travel time spent in this place.
 D = Time resting spent in this place.
 E = Time spent auto-exploring this place.
 F = Levels seen in this place.
 G = Mean time per level.
                   A        B        C        D        E       F      G
               +--------+--------+--------+--------+--------+-----+--------+
         Total |   1597 |   1534 |     63 |      0 |   1228 |   3 |  532.3 |
       Dungeon |   1597 |   1534 |     63 |      0 |   1228 |   3 |  532.3 |
               +--------+--------+--------+--------+--------+-----+--------+

Top non-repeatable levels by time:
     D:1: 777 daAuts
     D:2: 440 daAuts
     D:3: 379 daAuts
